General information
			
			
        
        - name: BNet
 
        - type: Ladder team game (AT/RT)
 
        - host: Battle.net
 
        - saver: NADMaN
 
        
map: Slalom 
        - players: 8
 
        - length: 96:57
 
        - speed: Fast
 - version: 1.22 W3XP
 - replay type:  Public
 
» download(902 KB)
Players
        team 1 (winner) 
              
              
Mata. (
teal | 126 APM | 12215 actions | 96:57)
              
 4 Archmage 
 2 Blizzard
 2 Brilliance Aura
 4 Mountain King 
 2 Storm Bolt
 2 Bash
 
                » actions 
                
                | Assign group hotkey | 877 |  | 
| Basic commands | 171 |  | 
| Build / train | 413 |  | 
| Enter build submenu | 191 |  | 
| Enter hero's abilities submenu | 8 |  | 
| Remove unit from queue | 6 |  | 
| Right click | 4609 |  | 
| Select / deselect | 1591 |  | 
| Select group hotkey | 2879 |  | 
| Use ability | 1464 |  | 
                12215 total
 » units 
                
                | Peasant | 29 |  | 
| Dragonhawk Rider | 13 |  | 
| Gryphon Rider | 8 |  | 
| Priest | 2 |  | 
| Mortar Team | 3 |  | 
| Sorceress | 1 |  | 
                56 total
 » upgrades
                
                | Masonry | 3 |  | 
| Lumber Harvesting | 2 |  | 
| Magic Sentry | 1 |  | 
| Cloud | 1 |  | 
| Armor | 3 |  | 
| Animal War Training | 1 |  | 
| Swords | 3 |  | 
| Storm Hammers | 1 |  | 
| Priest Training | 2 |  | 
| Fragmentation Shards | 1 |  | 
| Gunpowder | 1 |  | 
| Sorceress Training | 2 |  | 
                21 total
 » buildings
                
                | Altar of Kings | 2 |  | 
| Farm | 17 |  | 
| Scout Tower | 212 |  | 
| Lumber Mill | 1 |  | 
| Arcane Tower | 26 |  | 
| Guard Tower | 268 |  | 
| Keep | 1 |  | 
| Town Hall | 2 |  | 
| Arcane Sanctum | 3 |  | 
| Castle | 1 |  | 
| Gryphon Aviary | 2 |  | 
| Arcane Vault | 1 |  | 
| Barracks | 1 |  | 
| Blacksmith | 2 |  | 
| Workshop | 2 |  | 
                541 total
 » build order
                00:37 Altar of Kings
01:26 Farm
01:34 Scout Tower
01:44 Lumber Mill
01:49 Scout Tower
01:52 Scout Tower
01:56 Scout Tower
02:00 Scout Tower
02:01 Arcane Tower
02:01 Arcane Tower
02:09 Farm
02:15 Scout Tower
02:16 Scout Tower
02:17 Arcane Tower
02:17 Arcane Tower
02:17 Arcane Tower
02:20 Scout Tower
02:24 Scout Tower
02:39 Scout Tower
02:41 Scout Tower
02:43 Scout Tower
02:44 Scout Tower
02:45 Guard Tower
02:46 Guard Tower
02:47 Guard Tower
02:47 Guard Tower
02:48 Guard Tower
02:49 Scout Tower
02:51 Scout Tower
02:58 Guard Tower
02:58 Guard Tower
03:03 Scout Tower
03:10 Guard Tower
03:12 Scout Tower
03:13 Scout Tower
03:18 Guard Tower
03:19 Guard Tower
03:19 Guard Tower
03:20 Guard Tower
03:20 Guard Tower
03:24 Guard Tower
03:24 Guard Tower
03:24 Guard Tower
03:33 Guard Tower
03:33 Guard Tower
03:34 Guard Tower
03:35 Guard Tower
03:35 Guard Tower
03:45 Guard Tower
03:45 Guard Tower
03:55 Scout Tower
03:57 Scout Tower
04:00 Scout Tower
04:01 Guard Tower
04:01 Guard Tower
04:01 Guard Tower
04:01 Guard Tower
04:16 Scout Tower
04:17 Scout Tower
04:23 Scout Tower
04:24 Scout Tower
04:24 Guard Tower
04:25 Guard Tower
04:25 Guard Tower
04:25 Guard Tower
04:26 Guard Tower
04:29 Guard Tower
04:29 Scout Tower
04:34 Farm
04:44 Guard Tower
04:45 Guard Tower
04:57 Guard Tower
04:58 Guard Tower
05:05 Guard Tower
05:05 Guard Tower
05:06 Guard Tower
05:08 Guard Tower
05:08 Guard Tower
05:13 Scout Tower
05:15 Scout Tower
05:20 Scout Tower
05:21 Scout Tower
05:47 Guard Tower
05:59 Scout Tower
06:00 Scout Tower
06:01 Scout Tower
06:26 Scout Tower
06:31 Guard Tower
06:35 Scout Tower
06:35 Scout Tower
06:36 Scout Tower
06:40 Guard Tower
06:40 Guard Tower
06:49 Scout Tower
06:49 Scout Tower
07:07 Guard Tower
07:10 Guard Tower
07:10 Guard Tower
07:11 Scout Tower
07:12 Scout Tower
07:15 Guard Tower
07:15 Guard Tower
07:21 Scout Tower
07:22 Scout Tower
07:24 Scout Tower
07:25 Scout Tower
07:25 Scout Tower
07:26 Scout Tower
07:33 Keep
07:38 Guard Tower
07:38 Guard Tower
07:40 Guard Tower
07:40 Guard Tower
07:43 Scout Tower
07:43 Scout Tower
07:44 Scout Tower
07:51 Guard Tower
07:51 Guard Tower
08:24 Town Hall
08:26 Guard Tower
08:26 Guard Tower
08:27 Guard Tower
08:27 Guard Tower
08:27 Guard Tower
08:36 Guard Tower
08:52 Guard Tower
08:52 Guard Tower
08:53 Scout Tower
08:54 Scout Tower
09:33 Guard Tower
09:42 Altar of Kings
09:54 Scout Tower
09:55 Scout Tower
09:56 Scout Tower
09:56 Scout Tower
10:14 Arcane Sanctum
10:18 Scout Tower
10:19 Scout Tower
10:21 Scout Tower
10:22 Scout Tower
10:33 Scout Tower
10:34 Scout Tower
10:35 Scout Tower
10:39 Scout Tower
10:39 Scout Tower
10:43 Scout Tower
10:48 Castle
10:54 Guard Tower
10:54 Guard Tower
10:54 Guard Tower
11:02 Guard Tower
11:03 Guard Tower
11:03 Guard Tower
11:04 Guard Tower
11:04 Guard Tower
11:04 Guard Tower
11:20 Gryphon Aviary
11:27 Guard Tower
11:29 Guard Tower
11:29 Guard Tower
11:29 Guard Tower
11:31 Scout Tower
11:31 Scout Tower
11:32 Scout Tower
11:33 Scout Tower
11:47 Town Hall
11:52 Guard Tower
11:56 Gryphon Aviary
12:17 Guard Tower
12:35 Guard Tower
12:35 Guard Tower
12:36 Guard Tower
12:42 Farm
12:59 Arcane Vault
13:36 Farm
13:36 Farm
13:56 Barracks
14:08 Scout Tower
14:26 Scout Tower
14:26 Scout Tower
14:29 Scout Tower
14:29 Scout Tower
14:31 Scout Tower
14:33 Scout Tower
14:57 Scout Tower
14:58 Scout Tower
14:59 Scout Tower
15:06 Guard Tower
15:07 Scout Tower
15:08 Scout Tower
15:09 Scout Tower
15:12 Guard Tower
15:12 Guard Tower
15:23 Blacksmith
15:23 Blacksmith
15:35 Guard Tower
15:35 Guard Tower
15:37 Scout Tower
15:38 Scout Tower
15:38 Scout Tower
15:57 Guard Tower
15:58 Guard Tower
16:12 Guard Tower
16:12 Guard Tower
16:31 Scout Tower
16:32 Scout Tower
16:32 Scout Tower
16:47 Scout Tower
16:48 Scout Tower
16:48 Scout Tower
16:50 Scout Tower
16:52 Guard Tower
16:53 Guard Tower
16:56 Scout Tower
16:57 Scout Tower
16:59 Scout Tower
17:00 Scout Tower
17:00 Scout Tower
17:02 Scout Tower
17:02 Scout Tower
17:10 Guard Tower
17:11 Guard Tower
17:11 Guard Tower
17:32 Guard Tower
17:32 Guard Tower
17:38 Guard Tower
17:48 Guard Tower
17:48 Guard Tower
18:25 Guard Tower
18:52 Guard Tower
18:53 Guard Tower
18:54 Scout Tower
18:54 Scout Tower
18:55 Scout Tower
20:12 Scout Tower
20:13 Scout Tower
20:14 Scout Tower
20:14 Scout Tower
20:19 Guard Tower
20:19 Guard Tower
20:21 Scout Tower
20:21 Scout Tower
20:23 Scout Tower
20:24 Scout Tower
20:30 Scout Tower
20:31 Scout Tower
21:08 Guard Tower
21:08 Guard Tower
21:11 Scout Tower
21:12 Scout Tower
21:13 Scout Tower
21:14 Scout Tower
21:15 Scout Tower
21:42 Scout Tower
22:12 Guard Tower
22:12 Guard Tower
22:13 Scout Tower
22:14 Scout Tower
22:17 Guard Tower
22:18 Scout Tower
22:19 Scout Tower
22:36 Scout Tower
22:36 Scout Tower
22:40 Guard Tower
22:43 Scout Tower
23:09 Guard Tower
23:09 Guard Tower
23:10 Scout Tower
23:11 Scout Tower
23:44 Guard Tower
23:44 Guard Tower
23:45 Scout Tower
23:47 Scout Tower
23:47 Scout Tower
24:03 Scout Tower
24:04 Guard Tower
24:04 Guard Tower
24:04 Guard Tower
24:05 Guard Tower
24:05 Guard Tower
24:06 Scout Tower
24:07 Scout Tower
24:26 Guard Tower
24:26 Guard Tower
24:26 Guard Tower
24:31 Scout Tower
24:32 Scout Tower
24:33 Scout Tower
24:35 Guard Tower
24:35 Guard Tower
24:36 Scout Tower
24:37 Scout Tower
24:38 Scout Tower
24:41 Scout Tower
24:50 Guard Tower
24:50 Guard Tower
24:51 Guard Tower
24:51 Guard Tower
25:00 Scout Tower
25:01 Scout Tower
25:01 Scout Tower
25:07 Guard Tower
25:07 Guard Tower
25:09 Guard Tower
25:09 Guard Tower
25:13 Guard Tower
25:18 Scout Tower
25:19 Scout Tower
25:27 Scout Tower
25:28 Scout Tower
25:29 Scout Tower
25:34 Scout Tower
25:37 Scout Tower
25:38 Scout Tower
25:39 Guard Tower
25:39 Guard Tower
25:40 Guard Tower
25:40 Guard Tower
26:08 Guard Tower
26:08 Guard Tower
26:08 Guard Tower
26:15 Guard Tower
26:15 Guard Tower
26:18 Scout Tower
26:20 Scout Tower
26:22 Scout Tower
26:24 Scout Tower
26:27 Scout Tower
26:48 Guard Tower
26:48 Guard Tower
26:51 Scout Tower
26:52 Scout Tower
26:53 Scout Tower
26:54 Scout Tower
26:54 Guard Tower
26:55 Guard Tower
26:55 Guard Tower
27:02 Scout Tower
27:03 Scout Tower
27:05 Scout Tower
27:07 Scout Tower
27:43 Guard Tower
27:44 Guard Tower
27:44 Guard Tower
27:45 Scout Tower
27:45 Scout Tower
27:49 Scout Tower
27:50 Scout Tower
27:52 Guard Tower
27:52 Guard Tower
28:29 Guard Tower
28:29 Guard Tower
29:12 Guard Tower
29:12 Guard Tower
30:30 Scout Tower
30:32 Scout Tower
30:33 Scout Tower
30:34 Scout Tower
31:19 Guard Tower
31:19 Guard Tower
31:28 Guard Tower
31:29 Guard Tower
31:29 Guard Tower
31:40 Guard Tower
31:58 Guard Tower
31:58 Guard Tower
32:02 Scout Tower
33:37 Scout Tower
33:38 Scout Tower
33:39 Scout Tower
33:39 Scout Tower
34:37 Scout Tower
34:38 Scout Tower
34:39 Scout Tower
37:38 Guard Tower
37:38 Guard Tower
37:38 Guard Tower
38:07 Guard Tower
38:13 Scout Tower
38:14 Scout Tower
38:15 Scout Tower
38:16 Scout Tower
38:16 Scout Tower
38:18 Scout Tower
38:18 Scout Tower
38:19 Scout Tower
38:44 Scout Tower
38:45 Scout Tower
38:45 Scout Tower
38:46 Scout Tower
38:55 Guard Tower
38:56 Guard Tower
39:21 Guard Tower
39:22 Guard Tower
39:37 Guard Tower
39:37 Guard Tower
39:37 Guard Tower
40:12 Guard Tower
41:55 Arcane Sanctum
41:57 Arcane Sanctum
42:40 Farm
42:40 Farm
42:41 Farm
42:42 Farm
42:43 Farm
42:49 Farm
42:50 Farm
42:51 Farm
42:52 Farm
42:54 Farm
42:55 Farm
55:22 Workshop
55:25 Workshop
57:03 Scout Tower
57:03 Scout Tower
57:05 Scout Tower
57:06 Scout Tower
57:06 Scout Tower
57:07 Scout Tower
57:07 Scout Tower
57:08 Scout Tower
57:08 Scout Tower
57:09 Scout Tower
57:10 Scout Tower
57:11 Scout Tower
58:04 Arcane Tower
58:33 Guard Tower
58:33 Guard Tower
58:38 Arcane Tower
58:38 Arcane Tower
59:03 Arcane Tower
59:08 Scout Tower
59:09 Scout Tower
59:10 Scout Tower
59:12 Scout Tower
59:12 Scout Tower
59:13 Scout Tower
59:26 Arcane Tower
59:26 Arcane Tower
59:37 Arcane Tower
59:37 Arcane Tower
59:49 Arcane Tower
59:49 Arcane Tower
60:17 Arcane Tower
60:26 Arcane Tower
60:32 Scout Tower
60:40 Arcane Tower
60:41 Arcane Tower
61:05 Arcane Tower
» items
                
                | Potion of Healing | 1 |  | 
| Orb of Lightning | 1 |  | 
| Staff of Teleportation | 1 |  | 
                3 total
  
               
              
              
NADMaN (
red | 108 APM | 10461 actions | 96:57)
              
 6 Demon Hunter 
 3 Mana Burn
 2 Evasion
 1 Metamorphosis
 6 Keeper of the Grove 
 3 Entangling Roots
 2 Thorns Aura
 1 Tranquility
 5 Pandaren Brewmaster 
 3 Breath of Fire
 2 Drunken Haze
 
                » actions 
                
                | Assign group hotkey | 21 |  | 
| Basic commands | 268 |  | 
| Build / train | 112 |  | 
| ESC pressed | 2 |  | 
| Enter build submenu | 27 |  | 
| Enter hero's abilities submenu | 18 |  | 
| Give item / drop item | 11 |  | 
| Right click | 4971 |  | 
| Select / deselect | 778 |  | 
| Select group hotkey | 3716 |  | 
| Use ability | 534 |  | 
                10461 total
 » units 
                
                | Wisp | 34 |  | 
| Hippogryph | 6 |  | 
| Chimaera | 7 |  | 
                47 total
 » upgrades
                
                | Reinforced Hides | 3 |  | 
| Strength of the Wild | 3 |  | 
| Well Spring | 1 |  | 
| Ultravision | 1 |  | 
| Corrosive Breath | 1 |  | 
                9 total
 » buildings
                
                | Altar of Elders | 3 |  | 
| Moon Well | 7 |  | 
| Ancient of War | 2 |  | 
| Tree of Ages | 2 |  | 
| Tree of Life | 4 |  | 
| Ancient of Wind | 3 |  | 
| Tree of Eternity | 1 |  | 
| Hunter's Hall | 1 |  | 
| Chimaera Roost | 4 |  | 
                27 total
 » build order
                00:06 Altar of Elders
00:21 Moon Well
00:23 Moon Well
01:12 Moon Well
03:17 Ancient of War
03:32 Ancient of War
04:15 Tree of Ages
05:01 Tree of Life
05:48 Tree of Life
06:47 Ancient of Wind
06:48 Ancient of Wind
06:51 Ancient of Wind
11:26 Tree of Life
11:36 Tree of Eternity
11:47 Hunter's Hall
13:26 Moon Well
13:30 Moon Well
13:31 Moon Well
16:36 Tree of Life
20:17 Altar of Elders
20:18 Altar of Elders
25:35 Chimaera Roost
25:37 Chimaera Roost
25:38 Chimaera Roost
25:39 Chimaera Roost
45:49 Moon Well
» items
                
                | Healing Salve | 1 |  | 
| Lesser Clarity Potion | 1 |  | 
| Boots of Speed | 4 |  | 
| Periapt of Vitality | 8 |  | 
| Potion of Lesser Invulnerability | 1 |  | 
| Orb of Lightning | 2 |  | 
| Scroll of Town Portal | 4 |  | 
| Circlet of Nobility | 1 |  | 
| Staff of Preservation | 4 |  | 
                26 total
  
               
              
              
Sylink (
purple | 83 APM | 8025 actions | 96:57)
              
 10 Blademaster 
 3 Wind Walk
 3 Critical Strike
 1 Bladestorm
 3 Mirror Image
 
                » actions 
                
                | Assign group hotkey | 231 |  | 
| Basic commands | 108 |  | 
| Build / train | 101 |  | 
| ESC pressed | 1 |  | 
| Enter build submenu | 35 |  | 
| Enter hero's abilities submenu | 10 |  | 
| Give item / drop item | 1 |  | 
| Remove unit from queue | 3 |  | 
| Right click | 4809 |  | 
| Select / deselect | 568 |  | 
| Select group hotkey | 1555 |  | 
| Use ability | 603 |  | 
                8025 total
 » units 
                
                | Peon | 13 |  | 
| Troll Batrider | 35 |  | 
| Demolisher | 5 |  | 
                53 total
 » upgrades
                
                | Liquid Fire | 1 |  | 
| Reinforced Defenses | 1 |  | 
| Ranged Weapons | 2 |  | 
| Burning Oil | 1 |  | 
                5 total
 » buildings
                
                | Altar of Storms | 2 |  | 
| Orc Burrow | 7 |  | 
| War Mill | 2 |  | 
| Voodoo Lounge | 3 |  | 
| Watch Tower | 6 |  | 
| Stronghold | 1 |  | 
| Fortress | 1 |  | 
| Beastiary | 5 |  | 
| Great Hall | 1 |  | 
| Barracks | 2 |  | 
                30 total
 » build order
                00:02 Altar of Storms
00:04 Orc Burrow
00:41 War Mill
01:58 Voodoo Lounge
02:10 Orc Burrow
02:33 Voodoo Lounge
03:38 Watch Tower
04:12 Stronghold
04:16 Watch Tower
04:18 Watch Tower
04:20 Orc Burrow
04:24 Orc Burrow
04:30 Voodoo Lounge
04:57 Orc Burrow
06:33 Fortress
06:36 Beastiary
06:38 Beastiary
06:39 Beastiary
06:42 Orc Burrow
06:53 Orc Burrow
07:53 War Mill
08:42 Altar of Storms
10:38 Watch Tower
13:43 Great Hall
14:57 Watch Tower
14:58 Watch Tower
19:40 Beastiary
21:29 Beastiary
32:01 Barracks
32:02 Barracks
» items
                
                | Healing Salve | 1 |  | 
| Lesser Clarity Potion | 3 |  | 
| Scroll of Speed | 2 |  | 
| Potion of Mana | 1 |  | 
| Orb of Lightning | 1 |  | 
| Potion of Lesser Invulnerability | 16 |  | 
| Boots of Speed | 2 |  | 
| Scroll of Town Portal | 1 |  | 
                27 total
  
               
              
              
» 
timg4strok (
blue | 103 APM | 9950 actions | 96:56)
              
 8 Warden 
 3 Shadow Strike
 3 Blink
 1 Spirit of Vengeance
 1 Fan of Knives
 7 Pandaren Brewmaster 
 3 Breath of Fire
 2 Drunken Haze
 1 Drunken Brawler
 1 Storm Earth and Fire
 
                » actions 
                
                | Assign group hotkey | 28 |  | 
| Basic commands | 115 |  | 
| Build / train | 105 |  | 
| ESC pressed | 6 |  | 
| Enter build submenu | 26 |  | 
| Enter hero's abilities submenu | 15 |  | 
| Give item / drop item | 9 |  | 
| Right click | 5997 |  | 
| Select / deselect | 423 |  | 
| Select group hotkey | 2553 |  | 
| Use ability | 671 |  | 
                9950 total
 » units 
                
                | Wisp | 34 |  | 
| Hippogryph | 12 |  | 
| Chimaera | 8 |  | 
                54 total
 » upgrades
                
                | Ultravision | 1 |  | 
| Strength of the Wild | 3 |  | 
| Reinforced Hides | 4 |  | 
| Nature's Blessing | 1 |  | 
| Well Spring | 1 |  | 
| Druid of the Talon Training | 1 |  | 
| Corrosive Breath | 1 |  | 
                12 total
 » buildings
                
                | Altar of Elders | 2 |  | 
| Moon Well | 9 |  | 
| Tree of Ages | 1 |  | 
| Tree of Life | 5 |  | 
| Ancient of Wind | 2 |  | 
| Ancient of Wonders | 1 |  | 
| Hunter's Hall | 2 |  | 
| Tree of Eternity | 1 |  | 
| Chimaera Roost | 2 |  | 
                25 total
 » build order
                00:10 Altar of Elders
00:21 Moon Well
00:23 Moon Well
02:04 Moon Well
05:16 Tree of Ages
05:51 Tree of Life
05:53 Tree of Life
08:11 Tree of Life
08:23 Ancient of Wind
08:24 Ancient of Wind
08:59 Moon Well
08:59 Moon Well
09:00 Moon Well
09:00 Moon Well
09:48 Tree of Life
11:45 Ancient of Wonders
12:23 Hunter's Hall
14:30 Tree of Eternity
16:31 Tree of Life
17:18 Hunter's Hall
19:13 Moon Well
19:14 Moon Well
42:05 Altar of Elders
50:46 Chimaera Roost
50:46 Chimaera Roost
» items
                
                | Staff of Teleportation | 2 |  | 
| Boots of Speed | 1 |  | 
| Dust of Appearance | 2 |  | 
| Healing Salve | 2 |  | 
| Orb of Lightning | 2 |  | 
| Staff of Preservation | 1 |  | 
| Potion of Healing | 2 |  | 
| Staff of Sanctuary | 1 |  | 
| Scroll of Town Portal | 2 |  | 
| Periapt of Vitality | 3 |  | 
                18 total
  
               team 2 (loser) 
              
              
» 
ffa_one (
green | 83 APM | 7752 actions | 93:45)
              
 6 Priestess of the Moon 
 2 Searing Arrows
 3 Trueshot Aura
 1 Starfall
 
                » actions 
                
                | Assign group hotkey | 87 |  | 
| Basic commands | 172 |  | 
| Build / train | 109 |  | 
| ESC pressed | 10 |  | 
| Enter build submenu | 40 |  | 
| Enter hero's abilities submenu | 8 |  | 
| Right click | 4664 |  | 
| Select / deselect | 701 |  | 
| Select group hotkey | 1393 |  | 
| Use ability | 568 |  | 
                7752 total
 » units 
                
                | Wisp | 28 |  | 
| Archer | 6 |  | 
| Hippogryph | 17 |  | 
| Chimaera | 8 |  | 
                59 total
 » upgrades
                
                | Reinforced Hides | 3 |  | 
| Strength of the Wild | 3 |  | 
| Corrosive Breath | 1 |  | 
| Well Spring | 2 |  | 
| Ultravision | 1 |  | 
| Nature's Blessing | 1 |  | 
                11 total
 » buildings
                
                | Altar of Elders | 1 |  | 
| Moon Well | 16 |  | 
| Ancient of War | 1 |  | 
| Tree of Ages | 3 |  | 
| Hunter's Hall | 1 |  | 
| Tree of Life | 1 |  | 
| Ancient Protector | 2 |  | 
| Tree of Eternity | 4 |  | 
| Ancient of Wind | 4 |  | 
| Chimaera Roost | 3 |  | 
| Ancient of Wonders | 3 |  | 
                39 total
 » build order
                00:06 Altar of Elders
00:19 Moon Well
00:47 Ancient of War
01:28 Moon Well
02:13 Moon Well
02:39 Tree of Ages
02:40 Tree of Ages
02:40 Tree of Ages
03:09 Moon Well
03:29 Hunter's Hall
03:56 Moon Well
05:23 Tree of Life
05:25 Ancient Protector
06:21 Moon Well
07:30 Tree of Eternity
07:31 Tree of Eternity
07:39 Ancient of Wind
08:25 Ancient of Wind
09:53 Chimaera Roost
09:56 Chimaera Roost
10:08 Moon Well
10:15 Moon Well
10:52 Chimaera Roost
11:37 Ancient Protector
12:01 Ancient of Wonders
15:10 Ancient of Wonders
15:54 Ancient of Wonders
19:07 Moon Well
19:11 Ancient of Wind
25:07 Ancient of Wind
28:34 Moon Well
28:35 Moon Well
28:40 Moon Well
28:42 Moon Well
28:54 Moon Well
28:55 Moon Well
29:46 Moon Well
» items
                
                | Staff of Preservation | 2 |  | 
| Potion of Healing | 5 |  | 
| Anti-magic Potion | 4 |  | 
                11 total
  
               
              
              
Fiar (
pink | 73 APM | 6797 actions | 93:43)
              
 6 Mountain King 
 3 Storm Bolt
 2 Bash
 1 Avatar
 4 Paladin 
 2 Holy Light
 2 Divine Shield
 
                » actions 
                
                | Assign group hotkey | 21 |  | 
| Basic commands | 40 |  | 
| Build / train | 90 |  | 
| Enter build submenu | 22 |  | 
| Enter hero's abilities submenu | 10 |  | 
| Remove unit from queue | 10 |  | 
| Right click | 4445 |  | 
| Select / deselect | 1158 |  | 
| Select group hotkey | 376 |  | 
| Use ability | 625 |  | 
                6797 total
 » units 
                
                | Peasant | 13 |  | 
| Dragonhawk Rider | 5 |  | 
| Mortar Team | 6 |  | 
| Priest | 2 |  | 
| Siege Engine | 6 |  | 
                32 total
 » upgrades
                
                | Lumber Harvesting | 1 |  | 
| Cloud | 1 |  | 
| Masonry | 1 |  | 
| Armor | 3 |  | 
| Fragmentation Shards | 1 |  | 
| Flare | 1 |  | 
| Priest Training | 2 |  | 
| Magic Sentry | 1 |  | 
| Gunpowder | 2 |  | 
| Plating | 2 |  | 
| Barrage | 1 |  | 
                16 total
 » buildings
                
                | Altar of Kings | 1 |  | 
| Farm | 13 |  | 
| Scout Tower | 20 |  | 
| Arcane Tower | 4 |  | 
| Keep | 2 |  | 
| Lumber Mill | 1 |  | 
| Arcane Vault | 2 |  | 
| Guard Tower | 11 |  | 
| Castle | 1 |  | 
| Gryphon Aviary | 3 |  | 
| Town Hall | 2 |  | 
| Blacksmith | 1 |  | 
| Workshop | 3 |  | 
| Arcane Sanctum | 1 |  | 
                65 total
 » build order
                00:08 Altar of Kings
00:10 Farm
00:49 Farm
01:08 Scout Tower
01:38 Arcane Tower
03:17 Keep
03:18 Keep
03:20 Lumber Mill
03:47 Arcane Vault
03:56 Scout Tower
03:57 Scout Tower
03:58 Scout Tower
03:58 Scout Tower
04:00 Scout Tower
04:01 Scout Tower
04:01 Scout Tower
04:02 Scout Tower
04:02 Scout Tower
04:48 Guard Tower
05:24 Guard Tower
05:27 Arcane Tower
05:39 Castle
05:54 Guard Tower
05:54 Guard Tower
06:05 Gryphon Aviary
06:06 Gryphon Aviary
06:07 Gryphon Aviary
06:10 Farm
06:10 Farm
06:11 Farm
06:11 Farm
07:52 Farm
07:52 Farm
09:06 Town Hall
09:09 Scout Tower
09:09 Scout Tower
09:10 Scout Tower
09:10 Scout Tower
09:11 Scout Tower
09:28 Blacksmith
09:39 Guard Tower
10:06 Arcane Tower
10:07 Guard Tower
10:07 Guard Tower
13:26 Workshop
13:27 Workshop
13:30 Workshop
13:36 Arcane Sanctum
16:51 Farm
16:51 Farm
21:23 Scout Tower
21:23 Scout Tower
21:25 Scout Tower
21:25 Scout Tower
23:07 Guard Tower
23:10 Arcane Vault
24:28 Scout Tower
25:30 Guard Tower
25:30 Guard Tower
25:33 Town Hall
32:30 Farm
36:45 Farm
 
               
              
              
» 
KODOS_FORSAKEN (
orange | 96 APM | 8999 actions | 93:42)
              
 6 Blademaster 
 3 Wind Walk
 2 Critical Strike
 1 Bladestorm
 5 Shadow Hunter 
 3 Hex
 2 Healing Wave
 4 Tauren Chieftain 
 2 Shockwave
 2 Endurance Aura
 
                » actions 
                
                | Assign group hotkey | 1365 |  | 
| Basic commands | 14 |  | 
| Build / train | 103 |  | 
| Enter build submenu | 30 |  | 
| Enter hero's abilities submenu | 16 |  | 
| Give item / drop item | 3 |  | 
| Right click | 3304 |  | 
| Select / deselect | 1625 |  | 
| Select group hotkey | 1783 |  | 
| Use ability | 756 |  | 
                8999 total
 » units 
                
                | Peon | 16 |  | 
| Troll Batrider | 18 |  | 
| Shaman | 6 |  | 
| Troll Witch Doctor | 6 |  | 
| Kodo Beast | 2 |  | 
| Raider | 3 |  | 
| Wind Rider | 3 |  | 
| Spirit Walker | 1 |  | 
                55 total
 » upgrades
                
                | Shaman Training | 2 |  | 
| Witch Doctor Training | 2 |  | 
| Reinforced Defenses | 1 |  | 
| Ranged Weapons | 1 |  | 
| Armor | 1 |  | 
| Envenomed Spears | 1 |  | 
| Ensnare | 1 |  | 
| Liquid Fire | 1 |  | 
| War Drums Damage Increase | 1 |  | 
| Spirit Walker Training | 1 |  | 
                12 total
 » buildings
                
                | Altar of Storms | 1 |  | 
| Orc Burrow | 7 |  | 
| War Mill | 1 |  | 
| Voodoo Lounge | 1 |  | 
| Great Hall | 1 |  | 
| Watch Tower | 12 |  | 
| Stronghold | 1 |  | 
| Beastiary | 3 |  | 
| Spirit Lodge | 2 |  | 
| Fortress | 4 |  | 
                33 total
 » build order
                00:11 Altar of Storms
00:22 Orc Burrow
00:55 War Mill
01:23 Voodoo Lounge
02:35 Orc Burrow
02:41 Great Hall
02:54 Watch Tower
03:38 Stronghold
04:06 Watch Tower
04:10 Watch Tower
04:45 Watch Tower
04:47 Watch Tower
05:15 Watch Tower
06:11 Beastiary
06:13 Beastiary
06:58 Watch Tower
07:00 Watch Tower
07:32 Orc Burrow
08:50 Watch Tower
08:51 Watch Tower
09:41 Spirit Lodge
09:53 Watch Tower
10:35 Fortress
10:35 Fortress
10:35 Fortress
11:44 Spirit Lodge
11:47 Watch Tower
14:28 Orc Burrow
14:29 Orc Burrow
14:33 Beastiary
17:33 Orc Burrow
21:22 Orc Burrow
» items
                
                | Healing Salve | 3 |  | 
| Lesser Clarity Potion | 3 |  | 
| Boots of Speed | 1 |  | 
| Orb of Lightning | 1 |  | 
| Potion of Mana | 2 |  | 
| Scroll of Town Portal | 1 |  | 
| Staff of Teleportation | 1 |  | 
                12 total
  
               
              
              
Wade-2 (
yellow | 30 APM | 2951 actions | 96:57)
              
 5 Death Knight 
 3 Death Coil
 2 Unholy Aura
 4 Lich 
 2 Frost Nova
 2 Dark Ritual
 
                » actions 
                
                | Assign group hotkey | 28 |  | 
| Basic commands | 5 |  | 
| Build / train | 51 |  | 
| Enter build submenu | 16 |  | 
| Enter hero's abilities submenu | 10 |  | 
| Remove unit from queue | 5 |  | 
| Right click | 1734 |  | 
| Select / deselect | 655 |  | 
| Select group hotkey | 342 |  | 
| Use ability | 105 |  | 
                2951 total
 » units 
                
                | Acolyte | 4 |  | 
| Ghoul | 4 |  | 
| Frost Wyrm | 5 |  | 
| Crypt Fiend | 10 |  | 
                23 total
 » upgrades
                
                | Creature Attack | 3 |  | 
| Creature Carapace | 3 |  | 
| Freezing Breath | 1 |  | 
| Web | 1 |  | 
| Burrow | 1 |  | 
                9 total
 » buildings
                
                | Ziggurat | 8 |  | 
| Crypt | 1 |  | 
| Altar of Darkness | 1 |  | 
| Graveyard | 1 |  | 
| Nerubian Tower | 1 |  | 
| Tomb of Relics | 1 |  | 
| Halls of the Dead | 1 |  | 
| Black Citadel | 1 |  | 
| Sacrificial Pit | 1 |  | 
| Boneyard | 2 |  | 
                18 total
 » build order
                00:06 Ziggurat
00:10 Crypt
00:36 Altar of Darkness
01:11 Graveyard
01:45 Ziggurat
01:51 Nerubian Tower
02:21 Tomb of Relics
02:44 Ziggurat
03:07 Halls of the Dead
04:17 Ziggurat
05:28 Black Citadel
05:32 Sacrificial Pit
06:08 Ziggurat
07:57 Ziggurat
08:17 Boneyard
08:19 Boneyard
08:24 Ziggurat
09:47 Ziggurat
 
                Chat log
          
(07:17 / All) ffa_one: new mh is great
(23:11 / All) ffa_one: DEE
(27:00 / All) Mata.: good luck and have fun
(29:05 / All) Mata.: g
(45:01 / All) Mata.: dang i truely am too rich for my own good!!!
(45:16 / All) Fiar: id imagine you have quite a bit
(49:01 / All) Mata.: are you still here
(49:47 / All) Fiar: hero arena for rest of game it seems
(49:50 / All) Fiar: you ahve to be loaded
(49:57 / All) Mata.: nah we just playin
(50:00 / All) Mata.: want us to end it?
(50:07 / All) Fiar: i dont care
(50:12 / All) Mata.: good
(50:16 / All) Mata.: cuz we havin some fun you know
(50:23 / All) Fiar: hero crafting generally is fun
(51:40 / All) Mata.: hoody hoo
(53:47 / All) ffa_one: was that your attempt to end it?
(53:52 / All) Sylink: no 
(53:55 / All) KODOS_FORSAKEN: they neeed
(53:56 / All) Mata.: you'll know when
(53:57 / All) timg4strok: was that your attempt to lose priestess
(53:58 / All) Wade-2: lier
(53:58 / All) ffa_one: uh huh
(53:59 / All) KODOS_FORSAKEN: 400 food vs 100 food to win
(54:01 / All) ffa_one: that was win sry
(54:15 / All) ffa_one: my allies didnt heal tbh
(54:16 / All) KODOS_FORSAKEN: you guys lost about 20 hero to our 3
(54:19 / All) ffa_one: but not their fault
(54:22 / All) Sylink: i hae 1 hero
(54:27 / All) timg4strok: you guys lost the game, to our win
(54:30 / All) KODOS_FORSAKEN: your team
(54:32 / All) KODOS_FORSAKEN: silly
(54:34 / All) timg4strok: how do you feel about that kodos "fats" forsaken
(54:43 / All) KODOS_FORSAKEN: so you're 1-9 vs me
(54:44 / All) KODOS_FORSAKEN: now?
(54:55 / All) timg4strok: if you want to solo we can make it 2-9
(55:02 / All) KODOS_FORSAKEN: you can't solo
(55:04 / All) Mata.: cry like a lil ol noob about it  kodos
(55:05 / All) timg4strok: lmao
(55:10 / All) KODOS_FORSAKEN: you dodge
(55:13 / All) timg4strok: says the guy who only plays 4s
(55:22 / All) timg4strok: maybe hit 100 apm, play some real game types
(55:32 / All) timg4strok: you never know you might learn how to play this game without relying on undead cheese
(55:33 / All) KODOS_FORSAKEN: 100 apm is serious business
(55:41 / All) KODOS_FORSAKEN: clearly were relying on undead
(55:51 / All) timg4strok: every team you play with has one
(55:59 / All) KODOS_FORSAKEN: we pick orc/hu 2 random
(56:00 / All) KODOS_FORSAKEN: but ok
(56:01 / All) timg4strok: cant feed them in solo though, is that why you don't play
(56:10 / All) KODOS_FORSAKEN: and i random every game
(56:14 / All) Wade-2: yea because ive been fed a lot this game
(56:15 / All) Wade-2: you moron
(56:20 / All) Sylink: gg noobs
(56:38 / All) Wade-2: nice fire breath
(56:40 / All) Wade-2: you almost hit him
(56:43 / All) timg4strok: ?
(56:48 / All) timg4strok: wasnt going for potm noobshit retard
(56:57 / All) Wade-2: going for the non existant mine?
(57:03 / All) timg4strok: killing the tree
(57:06 / All) timg4strok: god damn you're stupid
(57:10 / All) Wade-2: you did well 
(58:11 / All) Sylink: this game is like world war 1
(58:14 / All) NADMaN: ya
(58:16 / All) Sylink: except you are germany
(58:22 / All) Mata.: And the war is over
(58:34 / All) ffa_one: kill us then
(58:39 / All) NADMaN: just
(58:40 / All) NADMaN: sign
(58:42 / All) NADMaN: this treaty
(58:42 / All) Sylink: we play ten hour games
(58:45 / All) timg4strok: you dont get it do you
(60:25 / All) Sylink: in ur base
(60:28 / All) Sylink: stabbin ur ziggurat
(63:27 / All) KODOS_FORSAKEN: idiot still doesn't hit the tree
(63:32 / All) timg4strok: 1183 hop
(63:36 / All) timg4strok: are you retarded
(63:40 / All) KODOS_FORSAKEN: that was there
(63:42 / All) timg4strok: nope
(63:45 / All) timg4strok: god damn you're dumb
(65:54 / All) KODOS_FORSAKEN: controling 1 hero is so much work
(66:03 / All) timg4strok: winning games is so much work LOL!
(66:10 / All) KODOS_FORSAKEN: ya you're 0-9 vs me
(66:12 / All) KODOS_FORSAKEN: must be
(67:13 / All) KODOS_FORSAKEN: hi
(67:26 / All) KODOS_FORSAKEN: its pretty sad
(67:34 / All) timg4strok: guess ill just crack into my 20k LOL
(67:34 / All) KODOS_FORSAKEN: idiots can lose thier heros 40 times and still win
(67:42 / All) Sylink: morons can lose to idiots
(67:43 / All) Mata.: this time you didn't :)
(67:49 / All) KODOS_FORSAKEN: skill level is so slow
(67:57 / All) Sylink: your loss amount is going up though
(67:59 / All) Sylink: so idk
(68:01 / All) Sylink: bro
(68:04 / All) KODOS_FORSAKEN: who are you?
(68:08 / All) KODOS_FORSAKEN: some 40% retard?
(68:09 / All) timg4strok: lmao
(68:10 / All) Sylink: who am i
(68:11 / All) KODOS_FORSAKEN: hush son
(68:13 / All) Sylink: i am lord of the dance
(68:18 / All) Sylink: son
(68:20 / All) Sylink: what are you some old man
(68:23 / All) KODOS_FORSAKEN: your job is to control 1 hero
(68:26 / All) timg4strok: why don't you go play 15 thousand games about it
(68:26 / All) KODOS_FORSAKEN: and u can even do tha
(68:28 / All) Sylink: GOLDEN AGE
(68:35 / All) Sylink: the 1950s were prime warcraft seasons
(68:43 / All) Sylink: the undead menace
(68:47 / All) timg4strok: seriously i aint even exaggerating 15 thousand games thats a lot of sitting in a chair and not going outside
(70:04 / All) KODOS_FORSAKEN: i think you killed something
(70:07 / All) KODOS_FORSAKEN: oh wait nope
(70:12 / All) Mata.: i think you did
(70:13 / All) timg4strok: i think you won this game
(70:14 / All) Mata.: oh wait nahhhhhhhh
(70:15 / All) Sylink: i think it doesnt matter
(70:42 / All) Sylink: you can talk as much as you like it wont bring a win gg
(70:52 / All) Sylink: say gg and get out
(70:59 / All) KODOS_FORSAKEN: you're bad
(71:01 / All) Sylink: say
(71:02 / All) Sylink: gg
(71:02 / All) KODOS_FORSAKEN: you're worthless
(71:03 / All) Sylink: say gg
(71:04 / All) Sylink: say gg
(71:05 / All) Sylink: say Gg
(71:07 / All) timg4strok: thats why you lost to us right
(71:08 / All) Sylink: say gg
(71:09 / All) Sylink: say gg
(71:11 / All) Sylink: say gg
(71:13 / All) timg4strok: god damn, u attarded sopn
(71:19 / All) KODOS_FORSAKEN: what
(71:20 / All) Sylink: shush hon
(71:32 / All) Sylink: get ur momma to mak u a pie
(72:04 / All) Mata.: so we just owned you little shitkids... tell me how you feel about that
(72:07 / All) Fiar: lets hero battle at least!
(72:10 / All) KODOS_FORSAKEN: "owned"
(72:14 / All) Sylink: when does school start again for you
(72:17 / All) KODOS_FORSAKEN: we lost our hero 400 times
(72:20 / All) KODOS_FORSAKEN: but we owned you!
(72:26 / All) timg4strok: how does that feel
(72:26 / All) Mata.: you didn't own us???
(72:30 / All) Sylink: i dont think you get it
(72:33 / All) timg4strok: you kill so many heroes but still lose the game
(72:41 / All) Sylink: the object is to get this window that says win at the end
(72:43 / All) Mata.: i guess you truly have no idea how to play
(72:46 / All) KODOS_FORSAKEN: owning us would be winning in 5 mins
(72:46 / All) Mata.: can't even press your advantage
(72:49 / All) Fiar: how does it feel to be 50% and finally achieve your first win against us :(
(72:50 / All) KODOS_FORSAKEN: not 2 hours
(73:11 / All) Sylink: our goal is to play as long as possible though
(73:20 / All) Mata.: most noobs tend to get the hint by now
(73:20 / All) KODOS_FORSAKEN: b/c you suck
(73:22 / All) Mata.: and leave
(73:24 / All) timg4strok: nah jimmy dont argue they tard
(73:25 / All) Mata.: you dudes
(73:34 / All) Sylink: aight dae
(73:44 / All) Sylink: word up on the street jizz tongs
(75:44 / All) Sylink: rofl
(75:45 / All) timg4strok: Grats
(75:45 / All) Mata.: hmmm was it worth it
(75:53 / All) KODOS_FORSAKEN: about time you killed a hero of ours
(75:54 / All) Sylink: w33 owned uuu
(76:42 / All) KODOS_FORSAKEN: hey i ff a sh with 12 chimes and still dont kill it
(76:50 / All) NADMaN: 6 :o)
(76:57 / All) timg4strok: hey i lose games on slalom because im a fat shit noob '
(77:08 / All) KODOS_FORSAKEN: game*
(77:14 / All) KODOS_FORSAKEN: dont get to exicted
(77:43 / All) Sylink: hey gays
(78:21 / All) ffa_one: who has most wood?
(78:26 / All) NADMaN: 45k
(78:34 / All) ffa_one: only 22.5 here
(78:36 / All) Sylink: 100k
(80:12 / All) KODOS_FORSAKEN: do you guys need 800 food vs our 100 to win?
(80:15 / All) KODOS_FORSAKEN: or what
(80:16 / All) KODOS_FORSAKEN: jesus
(80:18 / All) Mata.: nah just some towers
(80:18 / All) Mata.: gg
(82:12 / All) KODOS_FORSAKEN: come on clan towa trash end it
(82:16 / All) timg4strok: lmfao
(82:17 / All) KODOS_FORSAKEN: or try atleast
(82:20 / All) Mata.: this is too 
(82:22 / All) Mata.: funny
(82:23 / All) Sylink: it ended a while ago
(82:25 / All) KODOS_FORSAKEN: ya
(82:26 / All) timg4strok: wahhh wahhh end the game i cant stand losing wahhh wahhh
(82:27 / All) KODOS_FORSAKEN: your first win
(82:32 / All) Sylink: wahhhh
(82:37 / All) timg4strok: wahhhhhhhhh
(82:38 / All) Mata.: i dont even remember losing to you or your scrub clan
(82:41 / All) Mata.: so i dont know what you're talking about
(82:42 / All) Sylink: wahhhhhhhhhhhhhhhhhhhhhhhhhhhhhhhhhhhhhhhhhhhhhhhhhhhhhhhhhhhhhh
(82:47 / All) timg4strok: wahhhhhhhhhhhhhhhhhhhhhhhhhhhhhhhhhhh
(82:51 / All) KODOS_FORSAKEN: do you ever remember winning/
(82:53 / All) KODOS_FORSAKEN: nope
(82:54 / All) Mata.: yes
(82:55 / All) Mata.: very clearly
(82:57 / All) KODOS_FORSAKEN: i lol'd
(83:00 / All) Mata.: it was on slalom
(83:05 / All) Mata.: you dudes were noobing it up and couldnt even kill towers
(83:14 / All) Mata.: i took it easy, didnt even build a hero for the first half of the game
(83:17 / All) Mata.: didnt get any units
(83:21 / All) Mata.: and was afk for 20 minutes
(83:28 / All) Mata.: and you noobs still hadn't killed my towers
(83:30 / All) KODOS_FORSAKEN: b/c your're worthless
(83:35 / All) Mata.: then we got you to stay for 2 hours
(83:35 / All) KODOS_FORSAKEN: idiot
(83:38 / All) Mata.: because you thought you could win
(83:39 / All) Mata.: or something
(84:26 / All) timg4strok: how do you feel about me dodging bolts and ensnares all game
(84:38 / All) timg4strok: your fat fingers cant move as fast as mine LOL
(84:39 / All) Fiar: your panda mass dying
(84:42 / All) Fiar: makes up for it
(84:46 / All) KODOS_FORSAKEN: controling a solo hero is hard work
(84:47 / All) KODOS_FORSAKEN: oh man
(84:48 / All) Sylink: how do you feel about me letting my teammates carry me
(84:57 / All) Sylink: tell us more
(85:03 / All) Sylink: about your warcraft philosophy and code of ethics
(85:14 / All) timg4strok: nice light
(86:05 / All) Mata.: sucka
(86:08 / All) timg4strok: holy crapola
(86:15 / All) Mata.: never seen a noob get so owned !!!
(89:22 / All) timg4strok: no gold for you NEXT!!!!!!!!!!!!!!!!!
(93:38 / All) Mata.: kapoozle
(93:44 / All) timg4strok: l;mfao
(93:45 / All) Mata.: finally
(93:46 / All) timg4strok: gg
(93:46 / All) Mata.: noobs get it
(93:46 / All) NADMaN: lol
(93:47 / All) timg4strok: leave
(93:48 / All) NADMaN: sheehs
(93:48 / All) timg4strok: quit
(93:50 / All) timg4strok: Retards
(93:50 / All) Sylink: gg
(93:53 / All) Sylink: see u bro
(93:55 / All) timg4strok: owne dby clan towa
(94:04 / All) timg4strok: http://highper.ch for replays of us beating retards like you
(94:23 / All) Sylink: c u scru b